[Event "Titled Tuesday Blitz February 14 Early 2023"]
[White "Fiorito, Francisco"]
[Black "Durarbayli, Vasif"]
[WhiteFideId "180165"]
[BlackFideId "13402935"]
[WhiteElo "2305"]
[BlackElo "2627"]
[Result "0-1"]
[Round "01"]
[TimeControl "180+2"]
[Date "2023.02.15"]
[WhiteClock "0:00:05"]
[BlackClock "0:00:08"]

1. d4 Nf6 2. Nc3 d5 3. Bf4 c5 4. e3 cxd4 5. exd4 a6 6. Nf3 Bg4 7. h3 Bxf3 8. Qxf3 Nc6 9. O-O-O e6 10. g4 Qa5 11. Kb1 Rc8 12. g5 Nd7 13. Qe3 Nb6 14. Qe1 Bb4 15. Bd2 Nxd4 16. Qe3 Nf5 17. Qe5 O-O 18. Bd3 Nc4 19. Bxc4 Rxc4 20. a3 Bd6 21. Qe1 Qb6 22. Ka1 Nd4 23. Rc1 Rfc8 24. Qe3 Qc6 25. Rhd1 b5 26. Be1 Nf5 27. Qf3 g6 28. h4 Nxh4 29. Qh3 Nf5 30. Bd2 Rh4 31. Qf3 b4 32. axb4 Bxb4 33. Rh1 Nd4 34. Qd3 Rxh1 35. Rxh1 Nf5 36. Qh3 h5 37. gxh6 Kh7 38. Qd3 Be7 39. Kb1 Bf6 40. Re1 a5 41. Qb5 Qxb5 42. Nxb5 Rb8 43. Nc3 Nd6 44. Na4 Nc4 45. Bc1 Na3+ 46. Ka2 Nxc2 47. Re2 Nb4+ 48. Kb1 Rc8 49. Bd2 Nd3 50. Bc3 Bxc3 51. Nxc3 Rb8 52. Rd2 Ne5 53. f4 Nc4 54. Rf2 Kxh6 55. Nd1 Kg7 56. Re2 a4 57. Kc2 a3 58. b3 a2 0-1


[Site "https://www.chess.com"]

[Event "Titled Tuesday Blitz February 14 Early 2023"]
[White "Bok, Benjamin"]
[Black "Andreev, Konstantin"]
[WhiteFideId "1017063"]
[BlackFideId "24239305"]
[WhiteElo "2607"]
[BlackElo "2195"]
[Result "1-0"]
[Round "01"]
[TimeControl "180+2"]
[Date "2023.02.15"]
[WhiteClock "0:00:25"]
[BlackClock "0:00:14"]

1. d4 Nf6 2. c4 e6 3. Nc3 Bb4 4. Qc2 O-O 5. a3 Bxc3+ 6. Qxc3 d5 7. Bg5 h6 8. Bxf6 Qxf6 9. Nf3 Nd7 10. cxd5 exd5 11. Qxc7 Nb6 12. e3 Bf5 13. Qe5 Qxe5 14. Nxe5 Rac8 15. Bd3 Be4 16. Bxe4 dxe4 17. Kd2 f6 18. Ng6 Nc4+ 19. Ke2 Rf7 20. Rhc1 Kh7 21. b3 Nb6 22. Rxc8 Nxc8 23. Rc1 Nb6 24. Nf4 Re7 25. a4 g5 26. a5 gxf4 27. axb6 axb6 28. exf4 Kg6 29. g4 f5 30. h3 Kf6 31. Ke3 Ke6 32. Rc4 Rg7 33. gxf5+ Kxf5 34. Rb4 Rg6 35. Rb5+ Kf6 36. Rxb6+ Kf5 37. Rxg6 Kxg6 38. Kxe4 Kf6 39. d5 1-0


[Site "https://www.chess.com"]

[Event "Titled Tuesday Blitz February 14 Early 2023"]
[White "Degenbaev, Aziz"]
[Black "Sjugirov, Sanan"]
[WhiteFideId "13802640"]
[BlackFideId "4189302"]
[WhiteElo "2203"]
[BlackElo "2712"]
[Result "0-1"]
[Round "01"]
[TimeControl "180+2"]
[Date "2023.02.15"]
[WhiteClock "0:00:01"]
[BlackClock "0:00:02"]

1. e4 c5 2. Nf3 Nc6 3. Bb5 e6 4. O-O Nge7 5. d4 cxd4 6. Nxd4 Ng6 7. Be2 Be7 8. c4 O-O 9. Nc3 b6 10. Nb3 Bb7 11. Be3 f5 12. exf5 Rxf5 13. f4 Rf8 14. Rc1 Nh4 15. g3 Nf5 16. Bf2 Rc8 17. c5 Nb4 18. cxb6 axb6 19. a3 Nd5 20. Nxd5 Bxd5 21. Nd4 Nxd4 22. Bxd4 Bc5 23. b4 Bxd4+ 24. Qxd4 Rxc1 25. Rxc1 Qa8 26. Rc7 Rd8 27. Qxb6 Qxa3 28. Rc3 Qa1+ 29. Kf2 Rf8 30. Rc7 Qh1 31. Rxd7 Qxh2+ 32. Ke1 Qxg3+ 33. Kd1 Qxf4 34. Qc7 Bb3+ 35. Ke1 Qxb4+ 0-1


[Site "https://www.chess.com"]

[Event "Titled Tuesday Blitz February 14 Early 2023"]
[White "Drygalov, Sergey"]
[Black "Mazurkiewicz, Michal"]
[WhiteFideId "24171743"]
[BlackFideId "1124943"]
[WhiteElo "2547"]
[BlackElo "2145"]
[Result "1-0"]
[Round "01"]
[TimeControl "180+2"]
[Date "2023.02.15"]
[WhiteClock "0:01:28"]
[BlackClock "0:00:02"]

1. d4 Nf6 2. c4 e5 3. dxe5 Ng4 4. Bf4 g5 5. Bg3 Bg7 6. Nf3 Nc6 7. h4 Ngxe5 8. Nxe5 Nxe5 9. Nc3 h6 10. e3 d6 11. Qc2 Be6 12. Be2 b6 13. hxg5 hxg5 14. Rxh8+ Bxh8 15. O-O-O Qd7 16. Qe4 Qc6 17. Bxe5 Qxe4 18. Nxe4 Bxe5 19. Nxg5 Bf5 20. Bh5 Ke7 21. g4 Be6 22. f4 Bf6 23. Nxe6 Kxe6 24. g5 Bg7 25. Rh1 Rh8 26. Kc2 f5 27. b3 a5 28. Kd3 a4 29. e4 a3 30. Ke3 fxe4 31. Kxe4 Kd7 32. f5 Be5 33. f6 Rg8 34. Kf5 c6 35. Bf7 Rf8 36. Rh7 Kd8 37. Be6 b5 38. cxb5 cxb5 39. Rd7+ Ke8 40. Ra7 Kd8 41. Ra8+ 1-0


[Site "https://www.chess.com"]

[Event "Titled Tuesday Blitz February 14 Early 2023"]
[White "Donskov, Anatoly"]
[Black "Demchenko, Anton"]
[WhiteFideId "24143413"]
[BlackFideId "4160258"]
[WhiteElo "2279"]
[BlackElo "2623"]
[Result "0-1"]
[Round "01"]
[TimeControl "180+2"]
[Date "2023.02.15"]
[WhiteClock "0:00:16"]
[BlackClock "0:00:13"]

1. e4 e5 2. Nf3 Nc6 3. Bb5 a6 4. Ba4 Nf6 5. Qe2 d6 6. c3 Bd7 7. O-O g6 8. Rd1 Bg7 9. d4 Qe7 10. dxe5 Nxe5 11. Bxd7+ Nexd7 12. Re1 O-O 13. Bg5 h6 14. Bh4 Rfe8 15. Nbd2 b5 16. a4 bxa4 17. Rxa4 Nc5 18. Rc4 g5 19. Bg3 d5 20. Rb4 dxe4 21. Nd4 Nd3 22. Nf5 Qe6 23. Nxg7 Kxg7 24. Rxe4 Nxe4 25. Qxd3 Rad8 26. Qxd8 Rxd8 27. Nxe4 f5 0-1


[Site "https://www.chess.com"]

[Event "Titled Tuesday Blitz February 14 Early 2023"]
[White "Timofeev, Artyom"]
[Black "Khamdamova, Afruza"]
[WhiteFideId "4140419"]
[BlackFideId "14210444"]
[WhiteElo "2567"]
[BlackElo "2162"]
[Result "1-0"]
[Round "01"]
[TimeControl "180+2"]
[Date "2023.02.15"]
[WhiteClock "0:00:23"]
[BlackClock "0:00:14"]

1. e4 e5 2. Nf3 Nf6 3. Nxe5 d6 4. Nf3 Nxe4 5. Qe2 Qe7 6. d3 Nf6 7. Bg5 Qxe2+ 8. Bxe2 Be7 9. Nc3 c6 10. O-O-O O-O 11. h3 d5 12. d4 Bf5 13. g4 Bg6 14. Ne5 Re8 15. h4 h6 16. Bf4 Nbd7 17. g5 Nh5 18. Nxg6 fxg6 19. Be3 Bd6 20. Bxh5 gxh5 21. gxh6 gxh6 22. Bxh6 Nf6 23. f3 Kf7 24. Bg5 Bb4 25. Kd2 Nd7 26. a3 Bd6 27. Ne2 Nb6 28. Nf4 Nc4+ 29. Kc1 Bxf4+ 30. Bxf4 Re2 31. a4 Rae8 32. b3 Ne3 33. Rd2 Nf5 34. Be5 Rxd2 35. Kxd2 Rg8 36. Rh2 Rg1 37. c4 Rf1 38. cxd5 cxd5 39. Kc3 Rxf3+ 40. Kb4 Ne7 41. Rg2 Ke6 42. Rg5 Rf5 43. Rg7 Nc6+ 44. Kc5 Ne7 45. Rh7 Rf3 46. Rh6+ Kd7 47. Bf6 Rxb3 48. Bxe7 Re3 49. Bg5 Ra3 50. Kxd5 Rxa4 51. Rh7+ Ke8 52. Ke6 1-0


[Site "https://www.chess.com"]

[Event "Titled Tuesday Blitz February 14 Early 2023"]
[White "Ponce Cano, Adrian"]
[Black "Sanal, Vahap"]
[WhiteFideId "22296913"]
[BlackFideId "6300545"]
[WhiteElo "2210"]
[BlackElo "2600"]
[Result "0-1"]
[Round "01"]
[TimeControl "180+2"]
[Date "2023.02.15"]
[WhiteClock "0:00:15"]
[BlackClock "0:00:23"]

1. e4 c5 2. Nf3 e6 3. d4 cxd4 4. Bg5 Be7 5. Bxe7 Nxe7 6. Qxd4 O-O 7. Qd6 Nbc6 8. Nc3 Qb6 9. O-O-O Qxf2 10. Kb1 Qb6 11. g4 Qb4 12. a3 Qxd6 13. Rxd6 Ng6 14. Bb5 Nge5 15. Bxc6 Nxc6 16. h4 f6 17. Rg1 Kf7 18. Rf1 Ke7 19. Rfd1 Nd8 20. e5 Nf7 21. exf6+ gxf6 22. R6d2 Rg8 23. Re1 Kf8 24. Ne4 Rxg4 25. Nxf6 Rf4 26. Nxh7+ Ke7 27. Nhg5 Nxg5 28. Nxg5 b6 29. h5 Bb7 30. Red1 Bc6 31. Rh2 Rg4 32. Nh3 Rh8 33. Nf2 Rg5 34. h6 Rg6 35. h7 Rg7 36. Nd3 Rhxh7 37. Rhd2 Rh1 38. Ne5 Rxd1+ 39. Rxd1 Bd5 40. c4 Be4+ 41. Ka2 d6 42. Nd3 Bxd3 43. Rxd3 e5 44. b4 Ke6 45. Kb3 e4 46. Rh3 Ke5 47. Kc3 Rf7 48. Rh5+ Rf5 49. Rh8 Rf3+ 50. Kb2 e3 51. Kc2 e2 52. Kd2 Rxa3 53. Kxe2 Kd4 54. Rh4+ Kc3 55. b5 Kb4 56. Kd2 Kc5 57. Kc2 Rg3 58. Kb2 Re3 59. Kc2 Kb4 60. Kd2 Rf3 61. Kc2 Rc3+ 62. Kb2 Rxc4 63. Rh7 Kxb5 64. Rxa7 d5 65. Rd7 Kc6 66. Rd8 b5 67. Kb3 Kc5 68. Rh8 Rg4 69. Rc8+ Kd4 70. Rb8 Rg3+ 71. Kb4 Rg1 72. Rh8 Rb1+ 73. Ka3 Kc4 74. Rc8+ Kd3 75. Rh8 d4 76. Ka2 Rb4 77. Ka3 Rb1 78. Ka2 Re1 79. Kb3 Kd2 80. Rh2+ Re2 81. Rh5 d3 82. Rxb5 Kc1 83. Ra5 Re3 84. Ra1+ Kd2 85. Rh1 Rf3 86. Kb2 Rf2 87. Kb3 Rf8 88. Kc4 Rc8+ 89. Kd4 Rd8+ 90. Kc4 Kc2 0-1


[Site "https://www.chess.com"]

[Event "Titled Tuesday Blitz February 14 Early 2023"]
[White "Chigaev, Maksim"]
[Black "Kochetov, Andrey"]
[WhiteFideId "4108116"]
[BlackFideId "24130532"]
[WhiteElo "2628"]
[BlackElo "2165"]
[Result "1-0"]
[Round "01"]
[TimeControl "180+2"]
[Date "2023.02.15"]
[WhiteClock "0:01:21"]
[BlackClock "0:00:02"]

1. e4 Nf6 2. e5 Nd5 3. d4 b5 4. Nf3 e6 5. Bxb5 c5 6. O-O Bb7 7. c4 Nc7 8. Ba4 Bxf3 9. Qxf3 cxd4 10. Nd2 Be7 11. Nb3 O-O 12. Nxd4 d5 13. exd6 Bxd6 14. Rd1 Qe7 15. Be3 Rd8 16. Rac1 Bc5 17. a3 Nba6 18. Nc6 Rxd1+ 19. Rxd1 Qh4 20. Bf4 Rc8 21. b4 Bf8 22. Nxa7 Rd8 23. Rxd8 Qxd8 24. g3 Qd4 25. Nb5 Qb6 26. c5 Qxb5 27. Bxb5 Nxb5 28. a4 Nd4 29. Qd3 Nxb4 30. Qxd4 Nd5 1-0


[Site "https://www.chess.com"]

[Event "Titled Tuesday Blitz February 14 Early 2023"]
[White "Bochnicka, Vladimir"]
[Black "Sychev, Klementy"]
[WhiteFideId "14943450"]
[BlackFideId "4114060"]
[WhiteElo "2327"]
[BlackElo "2547"]
[Result "0-1"]
[Round "01"]
[TimeControl "180+2"]
[Date "2023.02.15"]
[WhiteClock "0:00:23"]
[BlackClock "0:00:25"]

1. e4 e5 2. Nf3 Nc6 3. Bc4 Nf6 4. d3 Bc5 5. c3 O-O 6. Nbd2 d5 7. exd5 Nxd5 8. O-O Nb6 9. Bb3 Qxd3 10. Bc2 Qd8 11. Qe2 Bd6 12. Ne4 f5 13. Neg5 Qf6 14. Rd1 h6 15. Nh3 Be6 16. Be3 Rae8 17. a4 Bc4 18. Qe1 e4 19. Nd4 f4 20. Bc1 e3 21. fxe3 fxe3 22. b3 Nxd4 23. Rxd4 Qf1+ 0-1


[Site "https://www.chess.com"]

[Event "Titled Tuesday Blitz February 14 Early 2023"]
[White "Vokhidov, Shamsiddin"]
[Black "Slade, Theodore"]
[WhiteFideId "14204223"]
[BlackFideId "426547"]
[WhiteElo "2586"]
[BlackElo "1995"]
[Result "1-0"]
[Round "01"]
[TimeControl "180+2"]
[Date "2023.02.15"]
[WhiteClock "0:01:17"]
[BlackClock "0:00:04"]

1. e4 e5 2. Nf3 Nc6 3. Nc3 Nf6 4. a3 d5 5. Bb5 Nxe4 6. Nxe5 Bd7 7. Bxc6 bxc6 8. Nxe4 dxe4 9. O-O Bd6 10. Nxd7 Qxd7 11. Re1 f5 12. d3 O-O 13. dxe4 fxe4 14. Be3 Rab8 15. b3 a5 16. Qd4 Qe6 17. Bd2 Rbe8 18. Bc3 Rf7 19. Re2 c5 20. Qc4 Qh6 21. g3 Rf8 22. Qxe4 Kh8 23. Rf1 Re7 24. Qd3 Rxe2 25. Qxe2 a4 26. bxa4 Ra8 27. a5 Qg6 28. Re1 h5 29. Qe4 Qxe4 30. Rxe4 Kh7 31. Kf1 c6 32. Re6 Bc7 33. Rxc6 Bxa5 34. Rxc5 Bb6 35. Rxh5+ Kg6 36. Rb5 Bc7 37. Rb7 Rc8 38. Bd4 Kf7 39. Be5 Ke6 40. Rxc7 Rd8 41. Bxg7 Rd1+ 42. Kg2 Rb1 43. a4 1-0


[Site "https://www.chess.com"]

[Event "Titled Tuesday Blitz February 14 Early 2023"]
[White "Vagman, Roy"]
[Black "Urazayev, Arystanbek"]
[WhiteFideId "2828995"]
[BlackFideId "13709810"]
[WhiteElo "2273"]
[BlackElo "2460"]
[Result "0-1"]
[Round "01"]
[TimeControl "180+2"]
[Date "2023.02.15"]
[WhiteClock "0:00:24"]
[BlackClock "0:01:57"]

1. e4 e6 2. d4 d5 3. exd5 exd5 4. Bd3 c5 5. dxc5 Bxc5 6. Nf3 Nf6 7. h3 O-O 8. O-O Nc6 9. c3 Re8 10. Nbd2 Ne4 11. Nb3 Bb6 12. Nbd4 Qf6 13. Be3 Bd7 14. Re1 Rad8 15. Nxc6 bxc6 16. Bxb6 axb6 17. Re3 Nc5 18. Rxe8+ Rxe8 19. Bc2 Ne6 20. g3 g6 21. Kg2 c5 22. Kg1 Bc6 23. a4 d4 24. Nh2 Ng5 25. Qf1 Nf3+ 26. Nxf3 Qxf3 27. Kh2 Re2 0-1


[Site "https://www.chess.com"]

[Event "Titled Tuesday Blitz February 14 Early 2023"]
[White "Dardha, Daniel"]
[Black "surrenderPLS"]
[WhiteFideId "240990"]
[WhiteElo "2631"]
[BlackElo "2491"]
[Result "1-0"]
[Round "01"]
[TimeControl "180+2"]
[Date "2023.02.15"]
[WhiteClock "0:00:51"]
[BlackClock "0:00:14"]

1. d4 Nf6 2. Bg5 d5 3. e3 e6 4. Nd2 c5 5. c3 Nc6 6. Bd3 Qb6 7. Bxf6 gxf6 8. Qc2 f5 9. Ngf3 Rg8 10. O-O f4 11. dxc5 Bxc5 12. exf4 Bd6 13. f5 e5 14. Rfe1 Bd7 15. c4 Nd4 16. Qd1 f6 17. cxd5 Bxf5 18. Nc4 Qd8 19. Nxd6+ Qxd6 20. Nxd4 Bh3 21. Qh5+ 1-0


[Site "https://www.chess.com"]

[Event "Titled Tuesday Blitz February 14 Early 2023"]
[White "Kanyamarala, Tarun"]
[Black "Predke, Alexandr"]
[WhiteFideId "45004714"]
[BlackFideId "24107581"]
[WhiteElo "2342"]
[BlackElo "2685"]
[Result "0-1"]
[Round "01"]
[TimeControl "180+2"]
[Date "2023.02.15"]
[WhiteClock "0:01:04"]
[BlackClock "0:01:27"]

1. d4 Nf6 2. c4 e6 3. Nc3 Bb4 4. e3 b6 5. Bd3 Bb7 6. Ne2 Bxg2 7. Rg1 Be4 8. Rxg7 Bg6 9. Nf4 Bf8 10. Rxg6 hxg6 11. Bd2 Nc6 12. Qf3 Bg7 13. O-O-O Qe7 14. Nb5 Rc8 15. Qg2 a6 16. Nc3 Nb4 17. Bb1 c5 18. d5 exd5 19. Nfxd5 Nbxd5 20. cxd5 b5 21. e4 d6 22. Bg5 b4 23. Ne2 Bh6 24. f4 Bxg5 25. fxg5 Nd7 26. e5 Qxe5 27. Re1 Qe3+ 28. Kd1 Ne5 29. Ng1 Qd4+ 30. Kc1 Qf4+ 31. Kd1 Rxh2 0-1


[Site "https://www.chess.com"]

[Event "Titled Tuesday Blitz February 14 Early 2023"]
[White "Zhigalko, Sergei"]
[Black "Grycel, Kamil"]
[WhiteFideId "13502956"]
[BlackFideId "1115499"]
[WhiteElo "2572"]
[BlackElo "2315"]
[Result "1-0"]
[Round "01"]
[TimeControl "180+2"]
[Date "2023.02.15"]
[WhiteClock "0:00:20"]
[BlackClock "0:00:24"]

1. e4 b6 2. d4 Bb7 3. Bd3 Nf6 4. Qe2 Nc6 5. c3 e5 6. d5 Ne7 7. h4 h5 8. Nh3 Ng6 9. g3 c6 10. c4 Bb4+ 11. Nd2 Ng4 12. O-O Be7 13. Nf3 Qc7 14. Bd2 c5 15. Nh2 Nxh2 16. Kxh2 d6 17. Ng5 Bc8 18. Rg1 Bxg5 19. Bxg5 f6 20. Bd2 Bd7 21. a3 Ne7 22. b4 f5 23. Bg5 fxe4 24. Bxe4 Nf5 25. f4 g6 26. fxe5 dxe5 27. d6 Qc8 28. Bxa8 Qxa8 29. Qxe5+ Kf7 30. Qf6+ Kg8 31. Qxg6+ Ng7 32. Bf6 Rh7 33. Rae1 Qf3 34. Re7 1-0


[Site "https://www.chess.com"]

[Event "Titled Tuesday Blitz February 14 Early 2023"]
[White "Sai Han Thiha"]
[Black "Bharath Subramaniyam H"]
[WhiteFideId "13012290"]
[BlackFideId "46634827"]
[WhiteElo "2070"]
[BlackElo "2517"]
[Result "0-1"]
[Round "01"]
[TimeControl "180+2"]
[Date "2023.02.15"]
[WhiteClock "0:00:31"]
[BlackClock "0:01:41"]

1. e4 c5 2. Nf3 Nf6 3. e5 Nd5 4. Nc3 Nxc3 5. dxc3 Nc6 6. Bf4 Qb6 7. Rb1 Qc7 8. Bc4 e6 9. O-O b6 10. Qe2 h6 11. h4 Bb7 12. Ba6 O-O-O 13. h5 Be7 14. a4 Kb8 15. Ra1 Rdg8 16. Bxb7 Qxb7 17. Nd2 g6 18. Nc4 gxh5 19. Qxh5 Nd4 20. g3 Nf3+ 21. Kh1 Nd2+ 22. Kg1 Nxc4 23. b3 Na5 24. Qxf7 Nc6 25. a5 Rf8 26. Qh5 Nxa5 27. Rfd1 Rhg8 28. Kh2 Rxf4 29. Rd2 Rh4+ 30. Qxh4 Bxh4 0-1


[Site "https://www.chess.com"]

[Event "Titled Tuesday Blitz February 14 Early 2023"]
[White "Kamsky, Gata"]
[Black "Dragomirescu, Angela"]
[WhiteFideId "2000024"]
[BlackFideId "1209914"]
[WhiteElo "2665"]
[BlackElo "2130"]
[Result "1/2-1/2"]
[Round "01"]
[TimeControl "180+2"]
[Date "2023.02.15"]
[WhiteClock "0:00:14"]
[BlackClock "0:00:46"]

1. e4 e5 2. Nf3 Nc6 3. Bb5 a6 4. Ba4 Bc5 5. O-O Nge7 6. c3 Ba7 7. d4 Ng6 8. Bg5 f6 9. Be3 O-O 10. d5 Nce7 11. Bxa7 Rxa7 12. d6 cxd6 13. Qxd6 b5 14. Bb3+ Kh8 15. Rd1 Qc7 16. Na3 Rd8 17. Nc2 Qxd6 18. Rxd6 Bb7 19. Re1 Nc8 20. Rd2 Nge7 21. a4 bxa4 22. Bxa4 Nb6 23. Bb3 Raa8 24. Rd6 Nbc8 25. Rdd1 Nb6 26. Nd2 d5 27. exd5 Bxd5 28. Ne3 Bg8 29. Bxg8 Kxg8 30. g3 Rab8 31. Ne4 Na4 32. Rxd8+ Rxd8 33. Ra1 Nxb2 34. Rxa6 Nd1 35. Nxd1 Rxd1+ 36. Kg2 Rc1 37. h4 Nd5 38. h5 Nxc3 39. Ra8+ Kf7 40. Ra7+ Kg8 41. Ra8+ Kf7 42. Ra7+ Kg8 43. Ra8+ 1/2-1/2


[Site "https://www.chess.com"]

[Event "Titled Tuesday Blitz February 14 Early 2023"]
[White "Kavutskiy, Konstantin"]
[Black "Hammer, Jon Ludvig"]
[WhiteFideId "2026384"]
[BlackFideId "1503707"]
[WhiteElo "2414"]
[BlackElo "2636"]
[Result "0-1"]
[Round "01"]
[TimeControl "180+2"]
[Date "2023.02.15"]
[WhiteClock "0:00:02"]
[BlackClock "0:00:09"]

1. d4 Nf6 2. Bg5 h6 3. Bh4 g5 4. Bg3 Ne4 5. Nd2 Nxg3 6. hxg3 Bg7 7. c3 d6 8. e3 Nd7 9. Bd3 e6 10. Qc2 b6 11. Be4 d5 12. Bd3 c5 13. f4 g4 14. f5 e5 15. e4 exd4 16. cxd4 Bxd4 17. Ne2 Be3 18. exd5 Nf6 19. O-O-O Qxd5 20. Kb1 Bxd2 21. Bb5+ Kf8 22. Rxd2 Bxf5 23. Bd3 Bxd3 24. Rxd3 Qxg2 25. Rg1 Qf2 26. Rdd1 Re8 27. Rde1 Kg7 28. Qd2 Qe3 29. Qd6 Re6 30. Qd1 Rhe8 31. Rgf1 Ne4 32. Ka1 Nxg3 33. Nxg3 Qxe1 34. Nf5+ Kh8 35. Rxe1 Rxe1 0-1


[Site "https://www.chess.com"]

[Event "Titled Tuesday Blitz February 14 Early 2023"]
[White "Yeletsky, Ivan"]
[Black "Devaev, Alexander"]
[WhiteFideId "24180327"]
[BlackFideId "4169395"]
[WhiteElo "2494"]
[BlackElo "2325"]
[Result "1-0"]
[Round "01"]
[TimeControl "180+2"]
[Date "2023.02.15"]
[WhiteClock "0:00:05"]
[BlackClock "0:00:04"]

1. g3 Nf6 2. c4 c5 3. Nc3 e6 4. Nf3 Be7 5. e4 d6 6. d4 cxd4 7. Nxd4 a6 8. Bg2 O-O 9. O-O Qc7 10. Be3 Nbd7 11. Rc1 Rb8 12. h3 Ne5 13. b3 Re8 14. f4 Ng6 15. g4 h6 16. g5 hxg5 17. fxg5 Nd7 18. Qh5 Nde5 19. Nf5 Bf8 20. Nh4 Bd7 21. Rc2 b5 22. cxb5 axb5 23. Rff2 Qd8 24. Nxg6 fxg6 25. Qd1 Be7 26. h4 Rf8 27. Bh3 b4 28. Ne2 Nf3+ 29. Kh1 Nxh4 30. Nd4 Rxf2 31. Rxf2 Bxg5 32. Bxe6+ Kh7 33. Qd2 Bxe3 34. Qxe3 Bxe6 35. Nxe6 Qb6 36. Ng5+ Kg8 37. Qd2 Qc5 38. Rh2 1-0


[Site "https://www.chess.com"]

[Event "Titled Tuesday Blitz February 14 Early 2023"]
[White "Balabayeva, Xeniya"]
[Black "Livaic, Leon"]
[WhiteFideId "13719688"]
[BlackFideId "14531534"]
[WhiteElo "2191"]
[BlackElo "2579"]
[Result "0-1"]
[Round "01"]
[TimeControl "180+2"]
[Date "2023.02.15"]
[WhiteClock "0:00:01"]
[BlackClock "0:00:03"]

1. e4 e6 2. d4 d5 3. Nd2 c5 4. Ngf3 cxd4 5. Nxd4 Nf6 6. exd5 Nxd5 7. N2f3 Bb4+ 8. Bd2 Bxd2+ 9. Qxd2 O-O 10. Be2 b6 11. O-O Bb7 12. Rad1 Qf6 13. Rfe1 Nf4 14. Bf1 Nc6 15. Nxc6 Bxc6 16. Ne5 Rad8 17. Qe3 Rxd1 18. Rxd1 Be8 19. Ng4 Qf5 20. Qg3 Kh8 21. Ne3 Qf6 22. c3 Bc6 23. Rd6 Ba8 24. Rd1 h6 25. Rd7 a5 26. Rd6 b5 27. Bxb5 Qe5 28. Rd2 g5 29. Bf1 Qf6 30. Ng4 Qg7 31. Qe3 h5 32. Ne5 f6 33. Nf3 e5 34. c4 g4 35. Nh4 Qg5 36. g3 Kg8 37. gxf4 Qxh4 38. fxe5 Qg5 39. Qxg5+ fxg5 40. e6 Re8 41. Rd6 Kg7 42. c5 Kf6 43. Bc4 Rc8 44. Rd7 Rxc5 45. Rf7+ Kg6 46. b3 Re5 0-1


[Site "https://www.chess.com"]

[Event "Titled Tuesday Blitz February 14 Early 2023"]
[White "Kovalenko, Igor"]
[Black "Goltseva, Ekaterina"]
[WhiteFideId "14117908"]
[BlackFideId "24173770"]
[WhiteElo "2674"]
[BlackElo "2283"]
[Result "1-0"]
[Round "01"]
[TimeControl "180+2"]
[Date "2023.02.15"]
[WhiteClock "0:02:08"]
[BlackClock "0:00:17"]

1. d4 Nf6 2. c4 e6 3. Nf3 d5 4. g3 Bb4+ 5. Nbd2 O-O 6. Bg2 b6 7. O-O Bb7 8. Ne5 Re8 9. a3 Bf8 10. Ndf3 Nbd7 11. cxd5 Bxd5 12. Qc2 c5 13. Ng5 Nxe5 14. dxe5 Bxg2 15. exf6 g6 16. Kxg2 Qxf6 17. Ne4 Qg7 18. Bd2 f5 19. Bc3 e5 20. Nd2 Qb7+ 21. e4 Bg7 22. a4 Rad8 23. Rfe1 Rf8 24. Nc4 f4 25. f3 fxg3 26. hxg3 Qf7 27. Qe2 Qe6 28. Rad1 h5 29. b3 h4 30. Rxd8 Rxd8 31. Rd1 Rf8 32. gxh4 Qe7 33. Qf2 Rf4 34. Qg3 Kh7 35. Rd6 Bf6 36. Nxe5 1-0


[Site "https://www.chess.com"]

[Event "Titled Tuesday Blitz February 14 Early 2023"]
[White "Khandelwal, Ankush"]
[Black "Gharibyan, Mamikon"]
[WhiteFideId "413470"]
[BlackFideId "13308300"]
[WhiteElo "2205"]
[BlackElo "2500"]
[Result "0-1"]
[Round "01"]
[TimeControl "180+2"]
[Date "2023.02.15"]
[WhiteClock "0:00:16"]
[BlackClock "0:01:00"]

1. d4 Nf6 2. Nc3 d5 3. Bf4 g6 4. Qd2 h6 5. h4 Bg7 6. O-O-O c6 7. Kb1 b5 8. e3 a5 9. f3 a4 10. a3 Na6 11. Na2 Nd7 12. e4 Nb6 13. Nh3 Bxh3 14. Rxh3 h5 15. e5 e6 16. g4 Bf8 17. Bg5 Be7 18. gxh5 Rxh5 19. f4 Nc4 20. Qc3 Kd7 21. Be2 Rh7 22. Rdh1 c5 23. Bxe7 Qxe7 24. h5 b4 25. axb4 cxb4 26. Qd3 b3 27. cxb3 axb3 28. Nc1 Nb4 29. Qxb3 Nd2# 0-1


[Site "https://www.chess.com"]

[Event "Titled Tuesday Blitz February 14 Early 2023"]
[White "Paichadze, Luka"]
[Black "Goncalves, Davi Sulzbacher"]
[WhiteFideId "13602934"]
[BlackFideId "2154510"]
[WhiteElo "2515"]
[BlackElo "2282"]
[Result "1-0"]
[Round "01"]
[TimeControl "180+2"]
[Date "2023.02.15"]
[WhiteClock "0:01:09"]
[BlackClock "0:00:15"]

1. e4 c5 2. b3 e5 3. Nc3 g6 4. Bc4 Bg7 5. Nge2 Ne7 6. O-O O-O 7. d3 a6 8. a4 Nbc6 9. f4 exf4 10. Bxf4 Nd4 11. e5 d5 12. exd6 Nef5 13. Ne4 b6 14. Bg5 Qe8 15. Bf6 Ne3 16. Qd2 Ndxc2 17. Bxg7 Kxg7 18. Qc3+ f6 19. Rxf6 Nd4 20. Nxd4 Rxf6 21. Nxf6 Qe5 22. Ne8+ Kf8 23. Ne6+ 1-0


[Site "https://www.chess.com"]

[Event "Titled Tuesday Blitz February 14 Early 2023"]
[White "Bychkov, Vladimir"]
[Black "Mitrabha, Guha"]
[WhiteFideId "24151513"]
[BlackFideId "5057000"]
[WhiteElo "2225"]
[BlackElo "2507"]
[Result "0-1"]
[Round "01"]
[TimeControl "180+2"]
[Date "2023.02.15"]
[WhiteClock "0:01:40"]
[BlackClock "0:00:30"]

1. d4 Nf6 2. c4 e6 3. Nf3 Bb4+ 4. Nbd2 O-O 5. g3 c5 6. dxc5 Bxc5 7. Bg2 b6 8. O-O Bb7 9. a3 a5 10. b3 d5 11. Bb2 dxc4 12. Nxc4 Nbd7 13. Qd3 Qe7 14. Rfd1 Rfd8 15. Qc3 Bxf2+ 16. Kh1 Bc5 17. Rf1 Nf8 18. Nce5 Ne4 19. Qc2 Nf2+ 20. Kg1 Nd3+ 21. Kh1 Nxb2 22. Qxb2 Ng6 23. Nxg6 hxg6 24. h3 Rac8 25. Rac1 Qc7 26. Kh2 Qb8 27. b4 axb4 28. axb4 Bd6 29. Ng5 Bxg3+ 30. Kh1 Rxc1 31. Qxc1 Rf8 32. Qe3 Bh4 33. Nf3 Bf6 34. Qxb6 Bxf3 35. Qxb8 Bxg2+ 36. Kxg2 Rxb8 37. Rb1 Rb5 38. e4 Be7 39. Kf3 Rxb4 0-1


[Site "https://www.chess.com"]

[Event "Titled Tuesday Blitz February 14 Early 2023"]
[White "Ponkratov, Pavel"]
[Black "Taichman, Ori"]
[WhiteFideId "4157800"]
[BlackFideId "2804069"]
[WhiteElo "2580"]
[BlackElo "2299"]
[Result "0-1"]
[Round "01"]
[TimeControl "180+2"]
[Date "2023.02.15"]
[WhiteClock "0:01:41"]
[BlackClock "0:01:31"]

1. d4 Nf6 2. c4 g6 3. Nc3 Bg7 4. e4 O-O 5. Be2 d6 6. h4 e5 7. d5 Na6 8. h5 h6 9. hxg6 fxg6 10. Bxh6 Bxh6 11. Rxh6 Kg7 12. Rh2 Nc5 13. Qc2 Rh8 14. Rxh8 Qxh8 15. O-O-O Qh6+ 16. Kb1 Bd7 17. Bf3 a5 18. Nge2 Bg4 19. Ng3 Bxf3 20. gxf3 Rh8 21. Nb5 Qf4 22. Qe2 Rh2 23. Rg1 Ne8 24. b3 c6 25. Nc3 Kf7 26. Kb2 Rxf2 0-1


[Site "https://www.chess.com"]

[Event "Titled Tuesday Blitz February 14 Early 2023"]
[White "Zacurdajev, Dmitry"]
[Black "Ibarra Jerez, Jose Carlos"]
[WhiteFideId "4196309"]
[BlackFideId "2226332"]
[WhiteElo "2273"]
[BlackElo "2563"]
[Result "0-1"]
[Round "01"]
[TimeControl "180+2"]
[Date "2023.02.15"]
[WhiteClock "0:00:01"]
[BlackClock "0:01:01"]

1. d4 Nf6 2. c4 d6 3. Nc3 e5 4. d5 Nbd7 5. g3 a5 6. Bg2 g6 7. e4 Bg7 8. Nge2 O-O 9. O-O Nc5 10. f4 exf4 11. gxf4 Re8 12. Ng3 Ng4 13. h3 Qh4 14. Nge2 Nf6 15. Qe1 Qxe1 16. Rxe1 Nfxe4 17. Ng3 f5 18. Ngxe4 fxe4 19. Be3 Nd3 20. Re2 Nxb2 21. Nxe4 Nxc4 22. Rc1 Nxe3 23. Kh2 Nxg2 24. Nf6+ Bxf6 25. Rxe8+ Kf7 26. Re4 Bf5 27. Rxc7+ Kg8 28. Ra4 Nxf4 29. Rxb7 Nxd5 30. Kg2 Be5 31. Rb3 Bc2 0-1


[Site "https://www.chess.com"]